 Dungeon Crawl Stone Soup version 0.31-a0-774-g0d66cbabe8 (webtiles) character file.

Game seed: 6457637260373690299

866020 DocSulfur the Octopoid Barricade (level 27, -1/282 HPs)
             Began as an Octopode Berserker on Sept 15, 2023.
             Was the Champion of Trog.
             Slain by a great orb of eyes (10 damage)
             ... in Pandemonium on Sept 17, 2023.
             The game lasted 04:01:15 (64296 turns).

DocSulfur the Octopoid Barricade (OpBe)            Turns: 64296, Time: 04:01:15

Health: -1/282     AC: 36    Str: 38      XL:     27
Magic:  41/41      EV: 30    Int: 12 (20) God:    Trog [******]
Gold:   12550      SH:  0    Dex: 20      Spells: 26/26 levels left

rFire   + .          .
                       - Unarmed
rCold   + + .        u - +8 tower shield {reflect}
rNeg    + + .        k - +2 hat
rPois   ∞            W - amulet of Leaves {Rampage +Blink Regen+ MP+9 Int-2}
rElec   +            n - +6 ring of strength
rCorr   +            z - ring of the Scarab {Fly rC+ Dex+2}
SInv    +            f - ring of Oddag {rPois rCorr Str+4}
Will    ++...        E - +4 ring of slaying
Stlth   +            Z - ring of Umal {rN+ Dex+3 SInv Stlth-}
HPRegen 1.47/turn    Y - ring of Jokexkon {rC+ Int+6 Dex+3}
MPRegen 0.27/turn    R - +5 ring of evasion
                     D - ring "Porheal" {rF+ MP+9 Int+5}

%: reflection, rampage
@: confused, statue-form, marked, corroded, flying, hasted, constricted,
studying 6 skills, invisible, quick
A: slow and powerful, torment resistance 1, boosted hp, almost no armour,
amphibious, 8 rings, camouflage 1, (gelatinous body 1), (nimble swimmer 1),
tentacles, tentacle spike 1, screaming 1, no potion heal 2, subdued magic 1,
devolution 1
}: 8/15 runes: decaying, serpentine, slimy, silver, abyssal, magical, fiery,
dark
a: Begin Untransformation, Renounce Religion, Evoke Blink, Berserk, Trog's Hand,
Brothers in Arms


You were in Pandemonium.
You worshipped Trog.
Trog was exalted by your worship.
You were a living statue of rough stone.
You visited 13 branches of the dungeon, and saw 57 of its levels.
You visited Pandemonium 1 time, and saw 11 of its levels.
You visited the Abyss 1 time.
You visited 1 ziggurat, and saw 8 of its levels.
You also visited: Trove, Sewer, Gauntlet and Ice Cave.

You collected 16238 gold pieces.
You spent 3688 gold pieces at shops.

Inventory:

Missiles
 d - 6 throwing nets (quivered)
 J - 11 curare-tipped darts
 O - 2 javelins
 P - 15 boomerangs
 Q - 15 silver javelins
Armour
 g - a +1 buckler of resistance
 k - a +2 hat (worn)
 u - a +8 tower shield of reflection (worn)
Jewellery
 f - the ring of Oddag (on tentacle) {rPois rCorr Str+4}
   (You took it off a deep elf zephyrmancer on level 2 of the Elven Halls)

   [ring of poison resistance]

   Str+4:     It affects your strength (+4).
   rPois:     It protects you from poison rCorr: It protects you from acid and
   corrosion.
 n - a +6 ring of strength (left tentacle)
 z - the ring of the Scarab (right tentacle) {Fly rC+ Dex+2}
   (You took it off a deep elf demonologist on level 1 of the Elven Halls)

   [ring of flight]

   Dex+2:     It affects your dexterity (+2).
   rC+:       It protects you from cold.
   Fly:       It grants you flight.
 D - the ring "Porheal" (on tentacle) {rF+ MP+9 Int+5}
   (You found it on level 5 of the Pits of Slime)

   [ring of protection from fire]

   Int+5:     It affects your intelligence (+5).
   rF+:       It protects you from fire.
   MP+9:      It affects your magic capacity (+9).
 E - a +4 ring of slaying (on tentacle)
 R - a +5 ring of evasion (on tentacle)
 W - the amulet of Leaves (around mantle) {Rampage +Blink Regen+ MP+9 Int-2}
   (You found it in a Gauntlet)

   [amulet of regeneration]

   Int-2:     It affects your intelligence (-2).
   MP+9:      It affects your magic capacity (+9).
   +Blink:    It lets you blink.
   Regen+:    It increases your rate of health regeneration.
   Rampage:   It bestows one free step when moving towards enemies.
 Y - the ring of Jokexkon (on tentacle) {rC+ Int+6 Dex+3}
   (You found it on level 1 of the Swamp)

   [ring of intelligence]

   Int+6:     It affects your intelligence (+6).
   Dex+3:     It affects your dexterity (+3).
   rC+:       It protects you from cold.
 Z - the ring of Umal (on tentacle) {rN+ Dex+3 SInv Stlth-}
   (You took it off a minotaur in a Gauntlet)

   [ring of positive energy]

   Dex+3:     It affects your dexterity (+3).
   rN+:       It protects you from negative energy.
   SInv:      It lets you see invisible.
   Stlth-:    It makes you less stealthy.
Talismans
 x - a storm talisman
 N - a dragon-blood talisman
 S - a granite talisman (active)
Wands
 o - a wand of roots (52)
 s - a wand of light (34)
 t - a wand of digging (20)
 I - a wand of mindburst (33)
 L - a wand of paralysis (76)
 U - a wand of polymorph (30)
Scrolls
 b - 13 scrolls of blinking
 h - 11 scrolls of vulnerability
 m - 13 scrolls of fog
 v - 29 scrolls of teleportation
 w - 5 scrolls of immolation
 y - 2 scrolls of silence
 F - 4 scrolls of enchant armour
 G - 6 scrolls of butterflies
 H - 5 scrolls of revelation
Potions
 a - 9 potions of ambrosia
 c - 11 potions of enlightenment
 e - 10 potions of might
 j - 6 potions of curing
 l - 5 potions of haste
 p - 2 potions of cancellation
 q - 2 potions of magic
 r - 11 potions of heal wounds
 A - 3 potions of invisibility
 B - 4 potions of mutation
 C - 7 potions of lignification
 K - 9 potions of attraction
 M - 5 potions of resistance
Miscellaneous
 i - a lightning rod (4/4)
 T - a phial of floods
 V - a condenser vane
 X - a phantom mirror


   Skills:
 + Level 25.0 Fighting
 - Level 10.0 Throwing
 - Level 21.3 Dodging
 - Level 5.0 Stealth
 O Level 27 Shields
 O Level 27 Unarmed Combat
 - Level 10.5 Evocations
 - Level 25.3 Shapeshifting


You had 26 spell levels left.
You didn't know any spells.
Your spell library contained the following spells:

 Spells                   Type           Power      Damage    Failure   Level
 Apportation              Tloc           0%         N/A       28%         1
 Foxfire                  Conj/Fire      0%         2x1d4     28%         1
 Freeze                   Ice            0%         1d3       28%         1
 Necrotise                Necr           0%         1d4       28%         1
 Sandblast                Erth           0%         2d4       28%         1
 Sting                    Tmut/Pois      0%         1d3       28%         1
 Summon Small Mammal      Summ           0%         N/A       28%         1
 Blink                    Tloc           0%         N/A       41%         2
 Call Imp                 Summ           0%         N/A       41%         2
 Cigotuvi's Dreadful Rot  Necr/Pois/Air  0%         N/A       41%         2
 Jinxbite                 Hex            0%         N/A       41%         2
 Lesser Beckoning         Tloc           0%         N/A       41%         2
 Momentum Strike          Conj/Tloc      0%         3d8       41%         2
 Poisonous Vapours        Pois/Air       0%         N/A       41%         2
 Searing Ray              Conj           0%         2d4       41%         2
 Static Discharge         Conj/Air       0%         2-2/arc   41%         2
 Call Canine Familiar     Summ           0%         N/A       65%         3
 Dazzling Flash           Conj/Hex       0%         N/A       65%         3
 Gell's Gravitas          Tloc           0%         N/A       65%         3
 Hailstorm                Conj/Ice       0%         3d3       65%         3
 Ignite Poison            Fire/Tmut/Pois 0%         N/A       65%         3
 Inner Flame              Hex/Fire       0%         N/A       65%         3
 Mephitic Cloud           Conj/Pois/Air  0%         N/A       65%         3
 Ozocubu's Armour         Ice            0%         N/A       65%         3
 Stone Arrow              Conj/Erth      0%         3d7       65%         3
 Summon Guardian Golem    Hex/Summ       0%         N/A       65%         3
 Swiftness                Air            0%         N/A       65%         3
 Teleport Other           Tloc           0%         N/A       65%         3
 Tukima's Dance           Hex            0%         N/A       65%         3
 Vampiric Draining        Necr           0%         2d6       65%         3
 Volatile Blastmotes      Fire/Tloc      0%         2d10      65%         3
 Airstrike                Air            0%         2d(0-16)  96%         4
 Anguish                  Hex/Necr       0%         N/A       96%         4
 Animate Dead             Necr           0%         N/A       96%         4
 Cause Fear               Hex            0%         N/A       96%         4
 Dimensional Bullseye     Hex/Tloc       0%         N/A       96%         4
 Dispel Undead            Necr           0%         3d6       96%         4
 Flame Wave               Conj/Fire      0%         2d4       96%         4
 Fulminant Prism          Conj/Hex       0%         3d5       96%         4
 Iskenderun's Mystic Bla  Conj/Tloc      0%         2d3       96%         4
 Leda's Liquefaction      Hex/Erth       0%         N/A       96%         4
 Manifold Assault         Tloc           0%         N/A       96%         4
 Olgreb's Toxic Radiance  Pois           0%         N/A       96%         4
 Passage of Golubria      Tloc           0%         N/A       96%         4
 Summon Ice Beast         Ice/Summ       0%         N/A       96%         4
 Summon Lightning Spire   Summ/Air       0%         N/A       96%         4
 Vhi's Electric Charge    Tloc/Air       0%         N/A       96%         4
 Agony                    Necr           0%         N/A       100%        5
 Alistair's Intoxication  Tmut/Pois      0%         N/A       100%        5
 Arcjolt                  Conj/Air       0%         1d10      100%        5
 Borgnjor's Vile Clutch   Necr/Erth      0%         N/A       100%        5
 Fireball                 Conj/Fire      0%         3d3       100%        5
 Irradiate                Conj/Tmut      0%         3d11      100%        5
 Iskenderun's Battlesphe  Conj           0%         2d6       100%        5
 Lee's Rapid Deconstruct  Erth           0%         3d4*      100%        5
 Silence                  Hex/Air        0%         N/A       100%        5
 Summon Forest            Summ/Tloc      0%         N/A       100%        5
 Summon Mana Viper        Hex/Summ       0%         N/A       100%        5
 Yara's Violent Unravell  Hex/Tmut       0%         3d3       100%        5
 Conjure Ball Lightning   Conj/Air       0%         3x3d6     100%        6
 Death Channel            Necr           0%         N/A       100%        6
 Dispersal                Tloc           0%         N/A       100%        6
 Eringya's Noxious Bog    Tmut/Pois      0%         4d6       100%        6
 Leda's Unmaking          Conj/Erth      0%         9d1       100%        6
 Plasma Beam              Fire/Air       0%         2x1d10    100%        6
 Simulacrum               Ice/Necr       0%         N/A       100%        6
 Starburst                Conj/Fire      0%         6d3       100%        6
 Enfeeble                 Hex            0%         N/A       100%        7
 Haunt                    Necr/Summ      0%         N/A       100%        7
 Malign Gateway           Summ/Tloc      0%         N/A       100%        7
 Monstrous Menagerie      Summ           0%         N/A       100%        7
 Orb of Destruction       Conj           0%         9d5       100%        7
 Ozocubu's Refrigeration  Ice            0%         4d7       100%        7
 Summon Hydra             Summ           0%         N/A       100%        7
 Borgnjor's Revivificati  Necr           0%         N/A       100%        8
 Discord                  Hex            0%         N/A       100%        8
 Disjunction              Tloc           0%         N/A       100%        8
 Infestation              Necr           0%         N/A       100%        8
 Maxwell's Capacitive Co  Air            0%         ∞         100%        8
 Summon Horrible Things   Summ           0%         N/A       100%        8
 Chain Lightning          Conj/Air       0%         N/A       100%        9
 Death's Door             Necr           0%         N/A       100%        9
 Dragon's Call            Summ           0%         N/A       100%        9
 Fire Storm               Conj/Fire      0%         5d1       100%        9
 Polar Vortex             Ice            0%         N/A       100%        9
 Shatter                  Erth           0%         3d5*      100%        9
 Animate Armour           Summ/Erth      Unusable   N/A       N/A         4

Dungeon Overview and Level Annotations

Branches:
Dungeon (15/15)            Temple (1/1) D:6            Lair (5/5) D:10
  Swamp (4/4) Lair:2        Snake (4/4) Lair:2        Slime (5/5) Lair:4
    Orc (2/2) D:11            Elf (3/3) Orc:2        Vaults (5/5) D:13
  Crypt (3/3) Vaults:3       Tomb (0/3) Crypt:3      Depths (4/4) D:15
   Hell (visited)             Zot (5/5) Depths:4      Sewer (visited)
  IceCv (visited)         Gauntlet (visited)
    Dis: Hell:1         Geh: Hell:1         Coc: Hell:1         Tar: Hell:1

Altars:
Ashenzari
Cheibriados
Dithmenos
Elyvilon
Fedhas
Gozag
Hepliaklqana
Kikubaaqudgha
Makhleb
Nemelex Xobeh
Okawaru
Qazlal
Ru
Sif Muna
Trog
Uskayaw
Vehumet
Wu Jian
Xom
Yredelemnul
Zin
The Shining One
Jiyva
Lugonu

Shops:
D:7 (   D:11 [   D:14 (   Orc:1 :   Orc:2 **:   Elf:2 =   Snake:3 [   Snake:4 [
Vaults:4 **?   Depths:1 (:=:[

Portals:
Hell: Depths:1 Depths:2 Depths:3 Depths:4
Abyss: Depths:2 Depths:3
Pandemonium: Depths:2 Depths:4

Annotations:
Snake:2 2 transporters, Zeus21348's ghost, adept VSFi
Elf:1 7 runed translucent doors, EuServersOMG's ghost, adept DsSh
Elf:2 3 runed translucent doors


Innate Abilities, Weirdness & Mutations

You are a living statue of rough stone.
Your actions are slow, but your melee attacks are powerful.
You are resistant to unholy torment.
Your maximum health is greatly increased.
You cannot wear most types of armour.
You are amphibious.
You can wear up to eight rings at the same time.
You are immune to poison.
Your skin changes colour to match your surroundings (Stealth+).
((Your rubbery body absorbs attacks. (AC +1, EV +1)))
((You are camouflaged when in or above water. (Stealth+)))
You have tentacles for arms and can constrict up to eight enemies at once.
One of your tentacles bears a spike.
You occasionally shout uncontrollably at your foes.
Potions cannot restore your health.
Your spells are a little easier to cast, but a little less powerful.
You have hidden genetic defects.


Message History

You resist with some effort. The cacodemon hits you!
* * * LOW HITPOINT WARNING * * *
The cacodemon hits you!
* * * LOW HITPOINT WARNING * * *
The golden eye blinks at you. You resist with almost no effort.
The golden eye blinks at you.
You easily resist.
The golden eye blinks at you. You resist with almost no effort.
The brown very ugly thing headbutts you.
* * * LOW HITPOINT WARNING * * *
You are splashed with acid.
You resist.
* * * LOW HITPOINT WARNING * * *
The brown very ugly thing kicks you but does no damage.
You can move again.
Unknown command.
Okay, then.
Your system rejects the healing.
You feel better. The golden eye blinks at you.
You easily resist.
You block the brown very ugly thing's attack.
The golden eye blinks at you.
You easily resist.
The golden eye blinks at you.
You are confused.
The golden eye blinks!
The golden eye blinks at you. You resist with some effort.
The great orb of eyes bites you.
* * * LOW HITPOINT WARNING * * *
The golden eye blinks at you. You resist with almost no effort.
The tentacled monstrosity tentacle-slaps you but does no damage.
The tentacled monstrosity misses you.
The tentacled monstrosity barely misses you.
The tentacled monstrosity constricts you.
The neqoxec gestures at you.
The green ugly thing basks in the mutagenic energy and changes!
The great orb of eyes bites you!
You die... #. ##...## .# #.. #.....# ..# #..#.....#..# # #..#.GGGG#..# .. ..G33333GG. .. 3X2uu32

.. ##Gu2## .####
...#2u8uX#.....#
...G2u2XG23.G....
...G32Gu3XX3.....
...4344Xu43G.....
...3#..3..#.G...#
##..##...##.4####
... ..... .... ..
...... ....
.#..... .##.


You could see a tentacled monstrosity, 3 very ugly things, 8 cacodemons, 2 great
orbs of eyes, 5 ugly things, a shining eye, 3 orange demons, 5 large
abominations, 2 sixfirhies, 13 neqoxecs, 2 chaos spawn and 12 golden eyes.

Vanquished Creatures
  Cerebov (Pan)
  the Royal Jelly (Slime:5)
  Mnoleg (Pan)
  Gloorx Vloq (Pan)
  Lom Lobon (Pan)
  4 orbs of fire
  2 dread liches
  Khufu (Crypt:2)
  6 ancient liches
  Mennas (Pan)
  3 juggernauts
  Sojobo (Vaults:3)
  2 royal mummies
  Josephina (Depths:3)
  Boris (thrice) (Vaults:2 Vaults:4 Depths:2)
  Xtahua (Depths:4)
  Margery (Vaults:2)
  Geryon (Hell)
  6 Killer Klowns (Zot:5)
  Saint Roka (Vaults:4)
  5 caustic shrikes (Depths:4)
  A caustic shrike (shapeshifter) (Vaults:5)
  3 curse toes
  11 golden dragons
  the Enchantress (Depths:1)
  A profane servitor (Abyss:3)
  6 bone dragons
  Jory (Vaults:4)
  3 pandemonium lords (Pan)
  2 doom hounds
  8 Brimstone Fiends (Pan)
  5 electric golems
  4 Tzitzimimeh
  20 tentacled monstrosities
  The ghost of esser2137 the Metamorph, an adept TrSh of Ru (Vaults:1)
  Zenata (Crypt:1)
  3 Ice Fiends (Pan)
  25 Orb Guardians (Zot:5)
  Asterion (Vaults:2)
  Rupert (Orc:2)
  5 Hell Sentinels (Pan)
  A walking earthen tome (Depths:4)
  5 deep elf blademasters
  6 liches
  A walking divine tome (Depths:3)
  4 titans (Vaults:5)
  25 acid blobs
  3 deep elf master archers
  8 sphinxes
  A walking frostbound tome (Depths:3)
  8 quicksilver dragons
  7 death cobs
  A thorn hunter (Swamp:3)
  17 Executioners (Pan)
  10 tentacled starspawn
  7 ancient champions
  16 shadow dragons
  Aizul (Snake:1)
  Donald (Swamp:2)
  26 storm dragons
  11 draconian monks
  14 tengu reavers
  8 revenants
  A fenstrider witch (Swamp:3)
  10 fire giants
  4 draconian knights (Zot:3)
  A daeva (Abyss:3)
  A demonspawn warmonger (Pan)
  7 nagarajas
  13 rockslimes
  10 azure jellies
  16 balrugs
  8 ghouls
  3 iron dragons
  18 vault wardens
  13 draconian scorchers
  13 frost giants
  6 deep elf sorcerers
  3 deep elf elementalists
  3 ghost moths
  5 draconian stormcallers
  4 spectral caustic shrikes (Depths:4)
  4 draconian shifters
  6 demonspawn blood saints (Pan)
  18 ironbound preservers
  Louise (Elf:2)
  9 cacodemons (Pan)
  5 curse skulls
  3 demonspawn corrupters (Pan)
  5 draconian annihilators
  An ophan (Abyss:3)
  An orc warlord (Vaults:4)
  9 ironbound thunderhulks
  10 quicksilver oozes
  22 stone giants
  5 war gargoyles
  2 caustic shrike skeletons
  20 very ugly things
  8 spriggan defenders
  12 demonspawn black suns
  5 vampire knights
  4 reapers
  13 green draconians
  12 black draconians
  5 formless jellyfish (Slime:4)
  4 eleionomae
  4 dire elephants
  14 deep elf annihilators
  3 bunyips
  A minotaur (Gauntlet)
  13 red draconians
  14 yellow draconians
  A red draconian (shapeshifter) (Zot:3)
  7 lorocyprocas
  10 white draconians
  A yellow draconian (shapeshifter) (Zot:3)
  A black draconian (shapeshifter) (Zot:3)
  9 purple draconians
  8 deep elf demonologists
  2 eidola
  12 blizzard demons
  Snorg (D:13)
  10 spark wasps
  3 crystal guardians
  9 deep elf death magi
  10 yaktaur captains
  2 mummy priests (Crypt:3)
  8 ettins
  10 fire dragons
  16 green deaths
  2 quicksilver dragon zombies
  17 jiangshi
  An entropy weaver (Vaults:4)
  A shambling mangrove (Swamp:2)
  16 deep elf high priests
  9 great orbs of eyes
  A spriggan zombie (Abyss:3)
  18 hydras
  4 hell beasts
  10 ice dragons
  10 rakshasas
  18 ironbound frosthearts
  An ogre mage (Vaults:1)
  5 salamander tyrants
  2 ghost crabs
  3 spriggan skeletons
  41 vault guards
  An Orb Guardian zombie (Crypt:2)
  5 peacekeepers
  8 anacondas
  3 two-headed ogres
  Erica (D:10)
  13 centaur warriors
  5 alligators
  9 hell hogs
  6 boulder beetles
  A catoblepas (D:13)
  5 spriggan air magi
  An azure jelly zombie (Crypt:1)
  24 dancing weapons
  3 death knights
  A death scarab (Zig:3)
  6 deep troll shamans
  A sphinx skeleton (Depths:1)
  8 deep troll earth magi
  19 tengu warriors
  6 naga sharpshooters
  17 demonic crawlers
  2 death yaks
  16 naga warriors
  8 thrashing horrors
  5 orc high priests
  15 spriggan berserkers
  8 vampire magi
  2 shock serpents
  17 soul eaters
  Nergalle (Lair:2)
  51 sun demons
  A fire crab (Swamp:4)
  8 hell knights
  26 skeletal warriors
  4 wretched stars
  2 skysharks (Lair:3)
  23 deep elf knights
  2 emperor scorpion zombies
  8 shadow wraiths
  A fire crab (shapeshifter) (Vaults:5)
  15 sixfirhies (Pan)
  Amaemon (Lair:2)
  13 iron trolls
  5 goliath frogs
  An iron troll (shapeshifter) (Vaults:5)
  Lodul (D:14)
  7 glowing orange brains
  6 salamander mystics
  A glowing orange brain (shapeshifter) (D:10)
  11 swamp dragons
  An anaconda zombie (Abyss:2)
  A bunyip zombie (Crypt:3)
  An orange crystal statue (IceCv)
  6 bog bodies
  6 spriggan druids
  An orb spider (Zot:3)
  4 wizards
  2 quicksilver dragon simulacra (Depths:3)
  5 naga ritualists
  A golden dragon skeleton (Crypt:1)
  An obsidian statue (Zot:5)
  2 flayed ghosts (Crypt:2)
  18 ironbound convokers
  3 shadow demons (Pan)
  74 deep trolls
  A fenstrider witch simulacrum (Crypt:2)
  19 deep elf archers
  3 bunyip skeletons
  13 phantasmal warriors
  A jorogumo zombie (Crypt:2)
  17 starcursed masses
  11 lindwurms
  9 orc knights
  5 harpies (Vaults:5)
  8 necromancers
  37 deep elf pyromancers
  7 orc sorcerers
  A stone giant zombie (Crypt:3)
  2 shining eyes
  38 deep elf zephyrmancers
  3 will-o-the-wisps
  A cyclops (shapeshifter) (Vaults:5)
  36 ugly things
  8 mana vipers
  An alligator skeleton (Crypt:2)
  An elephant (shapeshifter) (D:14)
  A centaur zombie (Crypt:3)
  3 cyclopes
  20 moths of wrath
  A water nymph (shapeshifter) (Depths:4)
  16 salamanders
  Maurice (D:10)
  4 worldbinders (Abyss:3)
  9 elephants
  2 ice statues
  A salamander (shapeshifter) (Vaults:5)
  Joseph (D:8)
  21 vault sentinels
  38 black mambas
  14 guardian serpents
  19 naga magi
  3 apocalypse crabs
  4 gargoyles
  2 rust devils
  A cane toad (shapeshifter) (Depths:3)
  An eye of devastation (Slime:5)
  24 smoke demons
  10 orange demons
  A centaur skeleton (Pan)
  21 rime drakes
  A torpor snail (Lair:1)
  2 titan simulacra
  A water nymph (Abyss:3)
  17 cane toads
  6 hellions
  4 unseen horrors
  A grey draconian zombie (Crypt:1)
  A kobold demonologist (D:9)
  A yaktaur (shapeshifter) (D:14)
  An alligator snapping turtle skeleton (Crypt:2)
  7 freezing wraiths
  7 efreet (Pan)
  12 komodo dragons
  An ice devil (Depths:3)
  An unseen horror skeleton (Crypt:2)
  10 trolls
  4 ancient zymes
  25 yaktaurs
  3 red devils
  4 guardian mummies
  A minotaur skeleton (Crypt:3)
  4 tengu conjurers
  31 polar bears
  5 harpy zombies
  26 hellwings
  A shadow dragon simulacrum (Depths:3)
  2 harpy skeletons (Crypt:3)
  A wind drake (shapeshifter) (Elf:1)
  A tengu simulacrum (Depths:3)
  23 hornets
  A tarantella (shapeshifter) (Vaults:5)
  20 blink frogs
  8 tyrant leeches
  14 dream sheep (Lair:5)
  2 fire giant simulacra
  A jumping spider zombie (Crypt:1)
  4 raiju
  A meliai zombie (Crypt:2)
  A slime creature (shapeshifter) (Vaults:5)
  56 slime creatures
  2 wraiths (Crypt:2)
  2 air elementals
  An ice dragon skeleton (Pan)
  33 spriggans
  A culicivora (Vaults:5)
  A centaur simulacrum (Crypt:2)
  5 water elementals
  An ettin skeleton (Zig:3)
  2 ushabtiu (Crypt:3)
  5 vampires (Crypt:2)
  33 ynoxinuls
  35 yaks
  8 golden eyes
  6 basilisks
  3 wyverns
  A basilisk (shapeshifter) (D:13)
  6 fire bats (Swamp:4)
  Grum (D:10)
  7 redbacks
  7 neqoxecs
  8 vampire mosquitoes
  20 chaos spawn
  A naga zombie (Crypt:3)
  2 steam dragons (Swamp:4)
  16 swamp worms
  3 wargs
  A merfolk zombie (Crypt:3)
  40 large abominations
  35 nagas
  A glowing shapeshifter zombie (Crypt:3)
  A hell hound (Hell)
  3 acid dragons
  24 water moccasins
  9 swamp drakes
  A fire bat skeleton (Crypt:3)
  27 orc warriors
  A tengu skeleton (Depths:1)
  4 ettin simulacra (Depths:3)
  2 naga skeletons (Pan)
  2 ice beasts
  3 black bears
  2 sky beasts
  30 wolves
  3 centaurs
  12 ogres
  15 boggarts
  12 small abominations
  4 kobold brigands (Sewer)
  3 earth elementals
  11 bullfrogs
  3 gnoll sergeants
  A scorpion (D:6)
  A yaktaur skeleton (Crypt:1)
  5 necrophages
  A queen bee zombie (Crypt:3)
  11 wights
  7 killer bees
  6 electric eels
  A crimson imp (Abyss:2)
  2 lava snakes (Lair:2)
  A quasit (Abyss:2)
  A jelly (D:5)
  11 orc priests
  A hound (D:7)
  An iron imp (Abyss:3)
  3 sleepcaps
  A human skeleton (Crypt:2)
  2 iguanas (D:5)
  23 orc wizards
  7 hell rats
  2 human simulacra (D:11)
  5 mummies
  9 gnolls
  2 river rats
  6 adders
  A steam dragon skeleton (Crypt:2)
  5 white imps
  3 ufetubi
  4 worms
  67 orcs
  17 endoplasms
  9 giant cockroaches
  9 goblins
  12 hobgoblins
  2 jackals (D:4)
  A quokka (shapeshifter) (Vaults:5)
  6 quokkas
  3 training dummies (D:14)
  10 ball pythons
  6 bats
  3 frilled lizards (D:2)
  A jackal zombie (Crypt:1)
  17 kobolds
  A kobold skeleton (Crypt:1)
  17 rats
  2 butterflies
  A lurking horror (Abyss:3)
  5 starspawn tentacles (Abyss:2)
3032 creatures vanquished.

Vanquished Creatures (collateral kills)
  A golden dragon (Zot:4)
  The ghost of Nr616 the Severer, an adept MiGl of Cheibriados (Vaults:1)
  The ghost of Nr616 the Slayer, an adept MiGl of Trog (Vaults:1)
  The ghost of Forgeling the Bewitcher, an adept FeEn of Dithmenos (Vaults:1)
  A draconian monk (Zot:4)
  An ironbound preserver (Vaults:5)
  A black draconian (Zot:4)
  3 dire elephants (Vaults:2)
  A red draconian (Zot:4)
  A hydra (Swamp:4)
  A vault guard (Vaults:5)
  An alligator (Swamp:1)
  A two-headed ogre (D:9)
  An orc high priest (Orc:2)
  A skeletal warrior (D:13)
  A hell knight (Vaults:2)
  A deep troll (Vaults:5)
  3 necromancers (Vaults:2)
  3 deep elf zephyrmancers (Elf:2)
  An orc knight (Orc:1)
  An ugly thing (D:13)
  A tyrant leech (Swamp:1)
  A slime creature (D:13)
  A water elemental (Elf:2)
  3 swamp worms (Swamp:1)
  A warg (Orc:1)
  5 orc warriors
  An ogre (Orc:2)
  A bullfrog (D:9)
  2 orc priests
  A gnoll bouda (D:9)
  An orc wizard (Orc:1)
  6 gnolls (D:9)
  A worm (D:9)
  8 orcs
60 creatures vanquished.

Vanquished Creatures (others)
  A golden dragon (Zot:3)
  Nikola (Snake:1)
  A deep elf annihilator (Pan)
  A blizzard demon (Pan)
  A soul eater (Pan)
  2 deep elf knights
  3 deep elf pyromancers
  A deep elf zephyrmancer (Zig:8)
  A will-o-the-wisp (Swamp:1)
  A salamander (Snake:1)
  A black mamba (Snake:1)
  A bloated husk (Swamp:1)
  A hornet (Swamp:1)
  A small abomination (Abyss:2)
  A spriggan (Swamp:1)
  A golden eye (Pan)
  A steam dragon (Swamp:4)
  A naga (Snake:4)
  A swamp drake (Swamp:4)
  A boggart (Zot:3)
  17 foxfires (Swamp:1)
  2 lurking horrors (Abyss:2)
  14 starspawn tentacles
56 creatures vanquished.

Grand Total: 3148 creatures vanquished

Notes
Turn   | Place    | Note
-------+----------+-------------------------------------------
     0 | D:1      | DocSulfur the Octopode Berserker began the quest for the
                  | Orb.
     0 | D:1      | Reached XP level 1. HP: 16/16 MP: 1/1
    70 | D:1      | Reached skill level 1 in Stealth
   102 | D:1      | Reached XP level 2. HP: 19/21 MP: 2/2
   564 | D:1      | Reached XP level 3. HP: 25/26 MP: 3/3
   812 | D:2      | Reached ** piety under Trog
  1260 | D:2      | Reached XP level 4. HP: 25/31 MP: 4/4
  1547 | D:2      | Noticed an ogre
  1558 | D:2      | Killed an ogre
  1559 | D:2      | Reached XP level 5. HP: 7/36 MP: 5/5
  1817 | D:2      | Found a faded altar of an unknown god.
  1957 | D:3      | Reached *** piety under Trog
  2588 | D:3      | Found a bloodstained altar of Trog.
  2588 | D:3      | Found a burning altar of Makhleb.
  2907 | D:4      | Found a transporter.
  2924 | D:4      | Found a transporter.
  2977 | D:4      | Found a glowing drain.
  2985 | Sewer    | Entered a sewer
  3000 | Sewer    | Noticed a kobold brigand
  3056 | Sewer    | Reached XP level 6. HP: 42/42 MP: 6/6
  3396 | Sewer    | Reached skill level 1 in Throwing
  3396 | Sewer    | Reached skill level 5 in Stealth
  3507 | Sewer    | Reached **** piety under Trog
  3537 | Sewer    | Reached skill level 5 in Dodging
  3537 | Sewer    | Reached skill level 5 in Unarmed Combat
  3537 | Sewer    | Reached XP level 7. HP: 46/46 MP: 7/7
  4473 | D:5      | Entered Level 5 of the Dungeon
  4573 | D:5      | Reached skill level 1 in Evocations
  4622 | D:5      | Identified the +3 robe of Reason {rElec SInv}
  5136 | D:5      | Found a sparkling altar of Nemelex Xobeh.
  5136 | D:5      | Found an opulent altar of Gozag.
  5535 | D:6      | Reached XP level 8. HP: 52/52 MP: 8/8
  5713 | D:6      | Reached skill level 5 in Throwing
  6065 | D:6      | Found a staircase to the Ecumenical Temple.
  6240 | Temple   | Entered the Ecumenical Temple
  6289 | D:7      | Found a shadowy altar of Dithmenos.
  6410 | D:7      | Found Vyafar's Antique Weapon Emporium.
  6534 | D:7      | Reached XP level 9. HP: 56/56 MP: 9/9
  6731 | D:7      | Found a hazy altar of Hepliaklqana.
  6842 | D:7      | Reached skill level 1 in Shields
  6885 | D:7      | Found a sacrificial altar of Ru.
  7184 | D:8      | Noticed Joseph
  7199 | D:8      | Killed Joseph
  7210 | D:8      | Found a stormy altar of Qazlal.
  7542 | D:8      | Found a glowing silver altar of Zin.
  7542 | D:8      | Found a shimmering altar of Xom.
  7542 | D:8      | Noticed an angel
  7810 | D:8      | Reached skill level 5 in Fighting
  7937 | D:9      | Noticed a two-headed ogre
  7947 | D:9      | Killed a two-headed ogre
  7948 | D:9      | Reached skill level 5 in Shields
  7953 | D:9      | Reached XP level 10. HP: 42/69 MP: 10/10
  8107 | D:9      | Reached ***** piety under Trog
  8383 | D:9      | Noticed a kobold demonologist
  8392 | D:9      | Killed a kobold demonologist
  8565 | D:10     | Entered Level 10 of the Dungeon
  8565 | D:10     | Noticed Grum
  8569 | D:10     | Noticed Erica
  8575 | D:10     | Killed Grum
  8660 | D:10     | Noticed Maurice
  8666 | D:10     | Maurice stole 546 gold
  8668 | D:10     | Killed Maurice
  9079 | D:10     | Noticed a two-headed ogre
  9092 | D:10     | Killed a two-headed ogre
  9093 | D:10     | Reached skill level 5 in Evocations
  9304 | D:10     | Noticed a fire crab
  9304 | D:10     | Noticed a deep elf pyromancer
  9316 | D:10     | Killed a deep elf pyromancer
  9352 | D:10     | Found a staircase to the Lair.
  9374 | D:10     | a fire crab changed into a komodo dragon
  9400 | D:10     | Reached XP level 11. HP: 75/75 MP: 11/11
  9474 | D:10     | Killed Erica
  9784 | D:10     | Identified 2 scrolls of acquirement
  9784 | D:10     | Acquired the ring "Ebamoiwk" {Ice rElec Will+ Dex+2}
  9785 | D:10     | Acquired 1022 gold pieces
  9890 | D:10     | Noticed a tengu warrior
  9910 | D:10     | Killed a tengu warrior
  9944 | D:10     | Noticed a deep elf pyromancer
  9948 | D:10     | Killed a deep elf pyromancer
 10320 | D:10     | Noticed a glowing orange brain
 10331 | D:10     | Killed a glowing orange brain
 10485 | D:11     | Found a staircase to the Orcish Mines.
 10488 | D:11     | Noticed a two-headed ogre
 10503 | D:11     | Killed a two-headed ogre
 10605 | D:11     | Found Oleal's Armour Shop.
 10703 | D:11     | Noticed a boulder beetle
 10713 | D:11     | Killed a boulder beetle
 10905 | D:11     | Noticed a two-headed ogre
 10938 | D:11     | Killed a two-headed ogre
 10998 | D:11     | Noticed a cyclops
 11144 | D:11     | Killed a cyclops
 11324 | D:11     | Noticed a cyclops
 11333 | D:11     | Killed a cyclops
 11386 | D:11     | Noticed a red ugly thing
 11388 | D:11     | Killed a red ugly thing
 11677 | D:12     | Noticed a white ugly thing
 11683 | D:12     | Killed a white ugly thing
 11684 | D:12     | Reached XP level 12. HP: 81/81 MP: 12/12
 11699 | D:12     | Received a gift from Trog
 12195 | D:10     | Reached skill level 10 in Shields
 12195 | D:10     | Reached skill level 1 in Shapeshifting
 12221 | Lair:1   | Entered Level 1 of the Lair of Beasts
 12563 | Lair:1   | Reached skill level 5 in Shapeshifting
 12852 | Lair:1   | Noticed a death yak
 12863 | Lair:1   | Noticed a death yak
 12908 | Lair:1   | Killed a death yak
 13373 | Lair:2   | Noticed Nergalle
 14055 | D:13     | You fall into a shaft and drop 2 floors!
 14055 | D:15     | Entered Level 15 of the Dungeon
 14344 | D:14     | Found Latol's Firing Range.
 14361 | D:14     | Noticed a centaur warrior
 14375 | D:14     | Bought 2 boomerangs for 48 gold pieces
 14375 | D:14     | Bought a throwing net for 36 gold pieces
 14375 | D:14     | Bought 2 boomerangs for 48 gold pieces
 14375 | D:14     | Bought a throwing net for 36 gold pieces
 14378 | D:14     | Noticed Lodul
 14382 | D:14     | Killed a centaur warrior
 14394 | D:14     | Killed Lodul
 14516 | D:14     | Reached XP level 13. HP: 67/84 MP: 13/13
 15099 | D:13     | Found a portal to a secret trove of treasure.
 15237 | Lair:2   | Killed Nergalle
 15238 | Lair:2   | Reached skill level 10 in Shapeshifting
 15363 | Lair:2   | Noticed Amaemon
 15383 | Lair:2   | Killed Amaemon
 16137 | Lair:2   | Found a staircase to the Snake Pit.
 16493 | Lair:2   | Found a staircase to the Swamp.
 16629 | Lair:3   | Reached skill level 10 in Throwing
 16810 | Lair:3   | Reached skill level 10 in Unarmed Combat
 16817 | Lair:3   | Reached XP level 14. HP: 92/92 MP: 14/14
 18531 | Lair:4   | Found a viscous altar of Jiyva.
 18532 | Lair:4   | Found a staircase to the Slime Pits.
 18882 | Lair:5   | Entered Level 5 of the Lair of Beasts
 18919 | Lair:5   | Found a gate leading to a gauntlet.
 18933 | Gauntlet | Entered a Gauntlet
 18933 | Gauntlet | Found a transporter.
 18933 | Gauntlet | Found a transporter.
 18934 | Gauntlet | Found a transporter.
 18934 | Gauntlet | Found a transporter.
 18937 | Gauntlet | Found a transporter.
 18987 | Gauntlet | Found a transporter.
 19031 | Gauntlet | Found a transporter.
 19037 | Gauntlet | Found a transporter.
 19045 | Gauntlet | Found a transporter.
 19063 | Gauntlet | Found a transporter.
 19067 | Gauntlet | Found a large runed translucent door.
 19068 | Gauntlet | Found a large runed translucent door.
 19069 | Gauntlet | Found a large runed translucent door.
 19069 | Gauntlet | Found a large runed translucent door.
 19070 | Gauntlet | Found a runed translucent gate.
 19071 | Gauntlet | Found a transporter.
 19071 | Gauntlet | Found a runed translucent gate.
 19072 | Gauntlet | Found a runed translucent gate.
 19073 | Gauntlet | Found a large runed translucent door.
 19073 | Gauntlet | Found a large runed translucent door.
 19074 | Gauntlet | Found a large runed translucent door.
 19075 | Gauntlet | Found a large runed translucent door.
 19085 | Gauntlet | Found a large runed translucent door.
 19085 | Gauntlet | Found a large runed translucent door.
 19085 | Gauntlet | Found a runed translucent door.
 19085 | Gauntlet | Found a runed translucent door.
 19086 | Gauntlet | Found a large runed translucent door.
 19087 | Gauntlet | Found a large runed translucent door.
 19089 | Gauntlet | Found a transporter.
 19133 | Gauntlet | Found a large runed translucent door.
 19134 | Gauntlet | Found a large runed translucent door.
 19135 | Gauntlet | Found a large runed translucent door.
 19135 | Gauntlet | Found a large runed translucent door.
 19173 | Gauntlet | Identified the amulet of Leaves {Rampage +Blink Regen+ MP+9
                  | Int-2}
 19295 | Gauntlet | Identified the +0 hat "Dajinadgh" {rPois}
 19318 | Gauntlet | Identified the ring of Umal {rN+ Dex+3 SInv Stlth-}
 19399 | Gauntlet | Got the Directory of Attendants and Wanderlust
 19653 | Lair:4   | Received a gift from Trog
 20728 | Lair:5   | Reached XP level 15. HP: 97/97 MP: 15/15
 21823 | D:13     | Noticed Snorg
 21865 | D:13     | Killed Snorg
 22032 | D:13     | Reached skill level 15 in Shapeshifting
 22169 | D:13     | Found a gate to the Vaults.
 22883 | D:15     | Found a glowing silver altar of Zin.
 22883 | D:15     | Found a glowing golden altar of the Shining One.
 22884 | D:15     | Found a white marble altar of Elyvilon.
 22937 | D:15     | Found a staircase to the Depths.
 23182 | Orc:1    | Entered Level 1 of the Orcish Mines
 23182 | Orc:1    | Found Kovuck's Book Boutique.
 23278 | Orc:1    | Received a gift from Trog
 23287 | Orc:1    | Gained mutation: Potions are less effective at restoring
                  | your health. [a neqoxec]
 23853 | Orc:2    | Entered Level 2 of the Orcish Mines
 24047 | Orc:2    | Noticed Rupert
 24066 | Orc:2    | Killed Rupert
 24441 | Orc:2    | Found a staircase to the Elven Halls.
 24450 | Orc:2    | Found a shimmering altar of Xom.
 24571 | Orc:2    | Found Hoel's Book Shop.
 24571 | Orc:2    | Found Baox Xoizo's Assorted Antiques.
 24576 | Orc:2    | Received a gift from Trog
 24577 | Orc:2    | Reached XP level 16. HP: 33/103 MP: 16/16
 24646 | Orc:2    | Found Rorupn's Armour Shoppe.
 24646 | Orc:2    | Found Tofi's Assorted Antiques.
 24678 | Orc:2    | Bought a potion of curing for 99 gold pieces
 24678 | Orc:2    | Bought a scroll of identify for 66 gold pieces
 24678 | Orc:2    | Bought a scroll of identify for 66 gold pieces
 24688 | Orc:2    | Bought a wand of light (4) for 403 gold pieces
 24699 | Orc:2    | Bought a manual of Dodging for 1200 gold pieces
 24711 | Orc:2    | Bought a scroll of teleportation for 99 gold pieces
 24907 | Snake:1  | Entered Level 1 of the Snake Pit
 24910 | Snake:1  | Noticed Nikola
 25005 | Swamp:1  | Entered Level 1 of the Swamp
 25062 | Swamp:1  | Found a transporter.
 25104 | Swamp:1  | Found a transporter.
 25311 | Swamp:1  | Identified the ring of Jokexkon {rC+ Int+6 Dex+3}
 25315 | Swamp:1  | Identified the +1 pair of gloves "Kigheb" {Dex+4}
 25923 | Swamp:2  | Noticed Donald
 25936 | Swamp:2  | Killed Donald
 26459 | Swamp:3  | Noticed a fenstrider witch
 26467 | Swamp:3  | Killed a fenstrider witch
 26638 | Swamp:3  | Identified the +11 halberd "Conservator" {heavy, Dex+6}
 26903 | Swamp:4  | Entered Level 4 of the Swamp
 26981 | Swamp:4  | Noticed a thorn hunter
 26991 | Swamp:3  | Killed a thorn hunter
 27092 | Swamp:4  | Reached XP level 17. HP: 72/108 MP: 17/17
 27346 | Swamp:4  | Received a gift from Trog
 27489 | Swamp:4  | Got a decaying rune of Zot
 27801 | Snake:1  | Killed Nikola
 27905 | Snake:1  | Noticed Aizul
 27916 | Snake:1  | Killed Aizul
 27937 | Snake:1  | Reached skill level 15 in Unarmed Combat
 28123 | Snake:1  | Reached skill level 15 in Shields
 28552 | Snake:2  | Identified the +4 dagger of Cocytus {flame, rElec rC+
                  | Dex+2} (Trog gifted it to you on level 2 of the Snake Pit)
 28552 | Snake:2  | Received a gift from Trog
 28710 | Snake:2  | Found a bloodstained altar of Trog.
 28710 | Snake:2  | Noticed Zeus21348's ghost (adept VSFi)
 28721 | Snake:2  | Found a transporter.
 28727 | Snake:2  | Found a transporter.
 28791 | Snake:2  | Reached XP level 18. HP: 114/114 MP: 18/18
 29203 | Snake:3  | Found Zitem's Antique Armour Shoppe.
 29537 | Snake:3  | Received a gift from Trog
 29843 | Snake:4  | Entered Level 4 of the Snake Pit
 29865 | Snake:4  | Found Tybb's Armour Boutique.
 30518 | Snake:4  | Reached ****** piety under Trog
 30796 | Snake:4  | Reached skill level 10 in Fighting
 30835 | Snake:4  | Got a serpentine rune of Zot
 31141 | Elf:1    | Entered Level 1 of the Elven Halls
 31323 | Elf:1    | Found a shimmering altar of Xom.
 31323 | Elf:1    | Noticed EuServersOMG's ghost (adept DsSh)
 31324 | Elf:1    | Identified the +7 battleaxe "Xogott Visch" {chaos, rC+}
 31325 | Elf:1    | Found a runed translucent door.
 31436 | Elf:1    | Received a gift from Trog
 31664 | Elf:1    | Reached XP level 19. HP: 128/128 MP: 19/19
 31680 | Elf:1    | Identified the ring of the Scarab {Fly rC+ Dex+2}
 31698 | Elf:1    | Found a runed translucent gate.
 31698 | Elf:1    | Found a runed translucent gate.
 31698 | Elf:1    | Found a runed translucent gate.
 31698 | Elf:1    | Found a runed translucent gate.
 31698 | Elf:1    | Found a runed translucent gate.
 31703 | Elf:1    | Found a runed translucent gate.
 31900 | Elf:1    | Received a gift from Trog
 32069 | Elf:1    | Paralysed by an air elemental for 1 turns
 32453 | Elf:2    | Received a gift from Trog
 32454 | Elf:2    | Noticed Louise
 32530 | Elf:2    | Found a frozen archway.
 32578 | IceCv    | Entered an ice cave
 32786 | IceCv    | Identified the +0 leather armour "Ponath" {-Tele Harm Str+4
                  | SInv}
 32935 | IceCv    | Received a gift from Trog
 33309 | Elf:2    | Identified the ring of Oddag {rPois rCorr Str+4}
 33339 | Elf:2    | Killed Louise
 33454 | Elf:2    | Found a runed translucent gate.
 33454 | Elf:2    | Found a runed translucent gate.
 33454 | Elf:2    | Found a runed translucent gate.
 33518 | Elf:2    | Found Ibumi's Jewellery Shop.
 33529 | Elf:2    | Bought a ring of fire for 250 gold pieces
 33792 | Elf:3    | Entered Level 3 of the Elven Halls
 33847 | Elf:3    | Found a radiant altar of Vehumet.
 34084 | Elf:3    | Reached XP level 20. HP: 138/138 MP: 20/20
 34130 | Elf:3    | Received a gift from Trog
 34596 | Elf:3    | Noticed a Tzitzimitl
 34607 | Elf:3    | Identified the +9 rapier of Trog's Esteem {flame, *Noise
                  | rF+ rC++ rCorr} (Trog gifted it to you on level 3 of the
                  | Elven Halls)
 34607 | Elf:3    | Received a gift from Trog
 34693 | Elf:3    | Identified the +6 broad axe of Revolt {antimagic, rF+ rN+
                  | SInv} (Trog gifted it to you on level 3 of the Elven Halls)
 34693 | Elf:3    | Received a gift from Trog
 34785 | Elf:3    | Found the +6 arbalest "Damnation" {damnation}
 34797 | Elf:3    | Got the Directory of the Atmosphere and the Band
 34833 | Elf:3    | Identified the amulet of Minir {Faith Int+3}
 35264 | Vaults:1 | Entered Level 1 of the Vaults
 35628 | Vaults:1 | Reached XP level 21. HP: 144/144 MP: 21/21
 35685 | Vaults:1 | Received a gift from Trog
 36353 | Vaults:1 | Found a runed translucent gate.
 36353 | Vaults:1 | Found a runed translucent gate.
 36353 | Vaults:1 | Found a runed translucent gate.
 36353 | Vaults:1 | Noticed Nr616's ghost (adept MiGl)
 36353 | Vaults:1 | Noticed Forgeling's ghost (adept FeEn)
 36353 | Vaults:1 | Noticed esser2137's ghost (adept TrSh)
 36354 | Vaults:1 | Noticed Nr616's ghost (adept MiGl)
 36421 | Vaults:1 | Killed esser2137's ghost
 36437 | Vaults:1 | Killed Nr616's ghost
 36440 | Vaults:1 | Killed Forgeling's ghost
 36444 | Vaults:1 | Killed Nr616's ghost
 36663 | Vaults:2 | Noticed Boris
 36667 | Vaults:2 | Killed Boris
 36736 | Vaults:2 | Reached skill level 10 in Dodging
 36791 | Vaults:2 | Noticed Margery
 36821 | Vaults:2 | Killed Margery
 37083 | Vaults:2 | Noticed Asterion
 37088 | Vaults:2 | Killed Asterion
 37313 | Vaults:2 | Received a gift from Trog
 37793 | Vaults:2 | Identified the +0 robe of Sugilab {rPois}
 37993 | Vaults:3 | Found a staircase to the Crypt.
 38039 | Vaults:3 | Received a gift from Trog
 38040 | Vaults:3 | Reached XP level 22. HP: 150/150 MP: 22/22
 38218 | Vaults:3 | Noticed Sojobo
 38228 | Vaults:3 | Paralysed by an air elemental for 1 turns
 38233 | Vaults:3 | Killed Sojobo
 38586 | Vaults:3 | Reached skill level 15 in Dodging
 39092 | Vaults:4 | Found Koxeoty's General Store.
 39115 | Vaults:4 | Bought a scroll of fog for 80 gold pieces
 39115 | Vaults:4 | Bought a scroll of teleportation for 60 gold pieces
 39213 | Vaults:4 | Received a gift from Trog
 39274 | Vaults:4 | Noticed Boris
 39282 | Vaults:4 | Killed Boris
 39385 | Vaults:4 | Noticed Saint Roka
 39395 | Vaults:4 | Killed Saint Roka
 39825 | Vaults:4 | Found Veba's Magic Scroll Shop.
 39833 | Vaults:4 | Bought a scroll of blinking for 127 gold pieces
 39833 | Vaults:4 | Bought a scroll of silence for 161 gold pieces
 39833 | Vaults:4 | Bought a scroll of teleportation for 51 gold pieces
 39953 | Vaults:4 | Found Ymeann's Assorted Antiques.
 39959 | Vaults:4 | Received a gift from Trog
 39976 | Vaults:4 | Bought a wand of roots (5) for 468 gold pieces
 39976 | Vaults:4 | Bought a potion of haste for 390 gold pieces
 40026 | Vaults:4 | Noticed Jory
 40032 | Vaults:4 | Killed Jory
 40162 | Vaults:5 | Entered Level 5 of the Vaults
 40177 | Vaults:5 | Reached XP level 23. HP: 155/155 MP: 23/23
 40188 | Vaults:5 | Identified the amulet of Xom's Capriciousness {RegenMP MP+9
                  | Str+3 Int+4 Dex+2}
 40197 | Vaults:5 | Identified the +0 scale mail of the Vacuum {rC+ Str+3}
 40396 | Vaults:5 | Identified the +12 spear "Moluckoe" {freeze, +Blink Str+3
                  | Int-2}
 40467 | Vaults:5 | Identified the +9 halberd "Baecemavo" {pain, *Rage rPois
                  | rN+}
 40626 | Vaults:5 | Identified the +7 trident of Equivalence {flame, rElec}
                  | (Trog gifted it to you on level 5 of the Vaults)
 40626 | Vaults:5 | Received a gift from Trog
 40729 | Vaults:5 | Identified the +9 eveningstar of Pandemonium {heavy, Str+2
                  | Dex+2}
 40799 | Vaults:5 | Noticed a golden dragon
 40812 | Vaults:5 | Killed a golden dragon
 40844 | Vaults:5 | Got the Papyrus of the Fletcher
 40869 | Vaults:5 | Identified the +6 whip "Honepp" {heavy, *Slow +Blink Str+2}
 40902 | Vaults:5 | a rockslime changed into a shard shrike
 40902 | Vaults:5 | Noticed a shard shrike (glowing shapeshifter)
 40902 | Vaults:5 | a shard shrike changed into an iron dragon
 40904 | Vaults:5 | an iron dragon changed into a caustic shrike
 40904 | Vaults:5 | Noticed a caustic shrike (glowing shapeshifter)
 40907 | Vaults:5 | Killed a caustic shrike
 40972 | Vaults:5 | Noticed a golden dragon
 40986 | Vaults:5 | Killed a golden dragon
 41013 | Vaults:5 | Got a silver rune of Zot
 41064 | Vaults:5 | Received a gift from Trog
 41667 | Crypt:1  | Entered Level 1 of the Crypt
 41692 | Crypt:1  | Identified the ring of Ciah Sodofe {rC+ Will- Int+6 Dex+2}
 41794 | Crypt:1  | Noticed Zenata
 41849 | Crypt:1  | Killed Zenata
 41856 | Crypt:1  | Reached XP level 24. HP: 162/162 MP: 23/23
 42567 | Crypt:2  | Noticed Khufu
 42573 | Crypt:2  | Noticed a royal mummy
 42586 | Crypt:2  | Killed Khufu
 42586 | Crypt:2  | Received a gift from Trog
 42591 | Crypt:2  | Killed a royal mummy
 43031 | Crypt:2  | Found an ancient bone altar of Kikubaaqudgha.
 43316 | Crypt:3  | Entered Level 3 of the Crypt
 43316 | Crypt:3  | Found a staircase to the Tomb.
 43338 | Crypt:3  | Received a gift from Trog
 43924 | Crypt:3  | Found an ancient bone altar of Kikubaaqudgha.
 43924 | Crypt:3  | Noticed a royal mummy
 43933 | Crypt:3  | Killed a royal mummy
 43965 | Crypt:3  | Found a basalt altar of Yredelemnul.
 44025 | Crypt:3  | Identified the +1 sling of Jianwuil {heavy, Will+ Str+3}
 44030 | Crypt:3  | Identified the ring "Runtee" {Fire rPois rN+ Int-3}
 44063 | Crypt:3  | Identified the ring "Vaap" {rElec rN+ Str+3}
 44069 | Crypt:3  | Got the Annotations on the Catacomb
 44405 | Depths:1 | Entered Level 1 of the Depths
 44478 | Depths:1 | Found Cojafui's Book Emporium.
 44478 | Depths:1 | Found Pyitrole's Jewellery Shop.
 44483 | Depths:1 | Found Kyughiech's Book Emporium.
 44558 | Depths:1 | Found Veawiy's Weapon Boutique.
 44606 | Depths:1 | Found a sparkling altar of Nemelex Xobeh.
 44648 | Depths:1 | Found Miciatri's Antique Armour Emporium.
 44714 | Depths:1 | Noticed the Enchantress
 44720 | Depths:1 | Killed the Enchantress
 44741 | Depths:1 | Reached XP level 25. HP: 145/167 MP: 23/23
 44773 | Depths:1 | Received a gift from Trog
 44918 | Depths:1 | Found Gusih's Magic Scroll Shoppe.
 45211 | Depths:1 | Found a gateway to Hell.
 45332 | Depths:1 | Got the Volume of Lethal Minerals
 45603 | Depths:2 | Found a one-way gate leading to the halls of Pandemonium.
 45628 | Depths:2 | Found a corrupted altar of Lugonu.
 45628 | Depths:2 | Found a one-way gate to the infinite horrors of the Abyss.
 45783 | Depths:2 | Received a gift from Trog
 45888 | Depths:2 | Found a sacrificial altar of Ru.
 45916 | Depths:2 | Got Akakk's Foundations of Willworking
 45969 | Depths:2 | Acquired 1038 gold pieces
 46010 | Depths:2 | Noticed Boris
 46015 | Depths:2 | Killed Boris
 46123 | D:13     | You paid a toll of 2 scrolls of acquirement to enter a
                  | treasure trove
 46124 | Trove    | Entered a treasure trove
 47211 | Depths:3 | Found a white marble altar of Elyvilon.
 47281 | Depths:3 | Identified the ring "Cokuocw" {Ice rPois Int+4 Dex-5}
 47281 | Depths:3 | Noticed Josephina
 47286 | Depths:3 | Killed Josephina
 47292 | Depths:3 | Received a gift from Trog
 47308 | Depths:3 | Found a burning altar of Makhleb.
 47342 | Depths:3 | Identified the +0 sling "Coegiv" {elec, Int+2}
 47466 | Depths:3 | Found a radiant altar of Vehumet.
 47506 | Depths:3 | Noticed a juggernaut
 47511 | Depths:3 | Killed a juggernaut
 47535 | Depths:3 | Found a bloodstained altar of Trog.
 47564 | Depths:3 | Reached XP level 26. HP: 177/177 MP: 23/23
 48060 | Depths:4 | Entered Level 4 of the Depths
 48070 | Depths:4 | Received a gift from Trog
 48474 | Depths:4 | Found a one-way gateway to a ziggurat.
 48510 | Depths:4 | Noticed Xtahua
 48526 | Depths:4 | Killed Xtahua
 48628 | Depths:4 | Noticed a juggernaut
 48637 | Depths:4 | Killed a juggernaut
 48651 | Depths:4 | Received a gift from Trog
 48825 | Depths:4 | Reached skill level 15 in Fighting
 48902 | Depths:4 | Found a gate to the Realm of Zot.
 49125 | Zot:1    | Entered Level 1 of the Realm of Zot
 49447 | Zot:1    | Reached XP level 27. HP: 187/187 MP: 23/23
 49904 | Zot:2    | You are sucked into a shaft and drop 1 floor!
 49974 | Zot:3    | Received a gift from Trog
 50190 | Zot:3    | Found a hazy altar of Hepliaklqana.
 50257 | Zot:4    | Identified the +3 dagger "Rexozofe" {flame, rElec rF+
                  | rCorr}
 50257 | Zot:4    | Noticed an orb of fire
 50259 | Zot:4    | Gained mutation: You are clumsy. (Dex -2) [an orb of fire]
 50261 | Zot:4    | Killed an orb of fire
 50299 | Zot:4    | Got the Incunable of The Black Sun
 50521 | Zot:3    | Identified the +2 quarterstaff of Ambiguity {antimagic,
                  | rPois rN+} (Trog gifted it to you on level 3 of the Realm
                  | of Zot)
 50521 | Zot:3    | Received a gift from Trog
 51179 | Zot:2    | Noticed an orb of fire
 51184 | Zot:3    | Killed an orb of fire
 51200 | Zot:3    | Received a gift from Trog
 51872 | Zot:2    | Acquired 765 gold pieces
 52300 | Zot:4    | Received a gift from Trog
 52515 | Zot:4    | Acquired a manual of Throwing
 52755 | Zot:5    | Entered Level 5 of the Realm of Zot
 53384 | Zot:5    | Noticed an ancient lich
 53384 | Zot:5    | Noticed an ancient lich
 53393 | Zot:5    | Killed an ancient lich
 53397 | Zot:5    | Killed an ancient lich
 53473 | Zot:5    | Noticed an ancient lich
 53478 | Zot:5    | Noticed an orb of fire
 53493 | Zot:5    | Gained mutation: Your body sometimes deteriorates upon
                  | taking damage. [an orb of fire]
 53495 | Zot:5    | Killed an orb of fire
 53498 | Zot:5    | Killed an ancient lich
 53520 | Zot:5    | Noticed a dread lich
 53528 | Zot:5    | Killed a dread lich
 53668 | Zot:5    | Noticed an orb of fire
 53673 | Zot:5    | Gained mutation: Potions cannot restore your health. [an
                  | orb of fire]
 53674 | Zot:5    | Killed an orb of fire
 53731 | Zot:5    | Noticed an ancient lich
 53738 | Zot:5    | Killed an ancient lich
 53764 | Zot:5    | Received a gift from Trog
 54831 | Slime:1  | Entered Level 1 of the Pits of Slime
 54931 | Slime:5  | Entered Level 5 of the Pits of Slime
 55195 | Slime:5  | Found the +8 whip "Snakebite" {venom, curare, rPois}
 55318 | Slime:5  | Noticed the Royal Jelly
 55330 | Slime:5  | Killed the Royal Jelly
 55377 | Slime:5  | Received a gift from Trog
 55478 | Slime:5  | Identified the +6 arbalest of Sunlight {flame, rF- rN+
                  | Will+ MP+9}
 55635 | Slime:5  | Identified the +11 great mace "Ruijurr" {venom, rElec rN+
                  | Str-5 Dex+5}
 55643 | Slime:5  | Identified the ring "Porheal" {rF+ MP+9 Int+5}
 55647 | Slime:5  | Got a slimy rune of Zot
 55660 | Slime:5  | Identified the +2 robe "Lakluum" {rElec}
 55878 | Slime:5  | Got Oplups's Atlas of Green Peregrination
 56785 | Hell     | Entered the Vestibule of Hell
 56785 | Hell     | Noticed Geryon
 56796 | Hell     | Killed Geryon
 57079 | Zig:1    | Entered Level 1 of a ziggurat
 57095 | Zig:2    | Entered Level 2 of a ziggurat
 57095 | Zig:2    | Noticed a juggernaut
 57099 | Zig:2    | Killed a juggernaut
 57102 | Zig:2    | Identified the orb of Eternal Night {*channel, Dex+5}
 57104 | Zig:2    | Reached skill level 10 in Evocations
 57109 | Zig:3    | Entered Level 3 of a ziggurat
 57133 | Zig:4    | Entered Level 4 of a ziggurat
 57151 | Zig:4    | Acquired 293 gold pieces
 57169 | Zig:5    | Entered Level 5 of a ziggurat
 57174 | Zig:5    | Received a gift from Trog
 57210 | Zig:6    | Entered Level 6 of a ziggurat
 57212 | Zig:6    | Noticed an ancient lich
 57213 | Zig:6    | Noticed an ancient lich
 57216 | Zig:6    | Killed an ancient lich
 57218 | Zig:6    | Killed an ancient lich
 57240 | Zig:6    | Identified the staff of Eternal Harmony {rPois MP+9 Poison}
 57246 | Zig:7    | Entered Level 7 of a ziggurat
 57335 | Zig:8    | Entered Level 8 of a ziggurat
 57340 | Zig:8    | Found the +4 Cigotuvi's embrace {Corpsefed rMiasma Drain
                  | rN+}
 57372 | Zig:8    | Got Sif Muna's Volume of Blasted Gases
 57468 | Depths:3 | Voluntarily entered the Abyss.
 57494 | Abyss:2  | Found a corrupted altar of Lugonu.
 57565 | Abyss:2  | Found a corrupted altar of Lugonu.
 57694 | Abyss:2  | Found a corrupted altar of Lugonu.
 57743 | Abyss:2  | Received a gift from Trog
 57821 | Abyss:2  | Lost mutation: Your body sometimes deteriorates upon taking
                  | damage. [potion of mutation]
 57821 | Abyss:2  | Lost mutation: You are clumsy. (Dex -2) [potion of
                  | mutation]
 57821 | Abyss:2  | Gained mutation: One of your tentacles bears a spike.
                  | [potion of mutation]
 57821 | Abyss:2  | Gained mutation: You are clumsy. (Dex -2) [potion of
                  | mutation]
 57927 | Abyss:2  | Gained mutation: You occasionally lose the ability to drink
                  | potions when taking damage. [a shining eye]
 57928 | Abyss:2  | Gained mutation: You sometimes lose your temper in combat.
                  | [a shining eye]
 57929 | Abyss:2  | Gained mutation: You sometimes lose the ability to drink
                  | potions when taking damage. [a shining eye]
 57932 | Abyss:2  | Lost mutation: You are clumsy. (Dex -2) [potion of
                  | mutation]
 57932 | Abyss:2  | Lost mutation: One of your tentacles bears a spike. [potion
                  | of mutation]
 57932 | Abyss:2  | Lost mutation: You sometimes lose your temper in combat.
                  | [potion of mutation]
 57932 | Abyss:2  | Lost mutation: You sometimes lose the ability to drink
                  | potions when taking damage. [potion of mutation]
 57932 | Abyss:2  | Gained mutation: Your system is resistant to poisons.
                  | (rPois) [potion of mutation]
 57934 | Abyss:2  | Lost mutation: You occasionally lose the ability to drink
                  | potions when taking damage. [potion of mutation]
 57934 | Abyss:2  | Lost mutation: Your system is resistant to poisons. (rPois)
                  | [potion of mutation]
 57934 | Abyss:2  | Gained mutation: You have an increased reservoir of magic.
                  | (+10% MP) [potion of mutation]
 57934 | Abyss:2  | Gained mutation: You have a pair of small antennae on your
                  | head. [potion of mutation]
 58055 | Abyss:2  | Found a corrupted altar of Lugonu.
 58212 | Abyss:3  | Found a corrupted altar of Lugonu.
 58264 | Abyss:3  | Received a gift from Trog
 58273 | Abyss:3  | Found a corrupted altar of Lugonu.
 58392 | Abyss:3  | Noticed a dread lich
 58392 | Abyss:3  | Found a corrupted altar of Lugonu.
 58402 | Abyss:3  | Killed a dread lich
 58408 | Abyss:3  | Found a corrupted altar of Lugonu.
 58590 | Abyss:3  | Got an abyssal rune of Zot
 58592 | Depths:3 | Escaped the Abyss
 58817 | Pan      | Entered Pandemonium
 58943 | Pan      | Found an exit through the horrors of the Abyss.
 58972 | Pan      | Received a gift from Trog
 59029 | Pan      | Found a transporter.
 59080 | Pan      | Found a transporter.
 59227 | Pan      | Identified the amulet "Yheoc" {Acrobat Fly}
 59238 | Pan      | Identified the ring of Disaster {*Corrode MP+9 Str-2 Dex+5
                  | SInv}
 59591 | Pan      | Received a gift from Trog
 59773 | Pan      | Found a transporter.
 60051 | Pan      | Found a transporter.
 60140 | Pan      | Noticed Taorew the pandemonium lord
 60148 | Pan      | Killed Taorew the pandemonium lord
 60315 | Pan      | Found an exit through the horrors of the Abyss.
 60608 | Pan      | Reached skill level 27 in Shields
 60854 | Pan      | Received a gift from Trog
 61092 | Pan      | Noticed Sysmyf the pandemonium lord
 61101 | Pan      | Killed Sysmyf the pandemonium lord
 61786 | Pan      | Gained mutation: You occasionally lose the ability to drink
                  | potions when taking damage. [a neqoxec]
 61787 | Pan      | Gained mutation: One of your tentacles bears a spike. [a
                  | neqoxec]
 61801 | Pan      | Noticed Isarrogg the pandemonium lord
 61811 | Pan      | Killed Isarrogg the pandemonium lord
 61895 | Pan      | Entered the realm of Lom Lobon.
 61900 | Pan      | Received a gift from Trog
 61931 | Pan      | Noticed Lom Lobon
 61957 | Pan      | Killed Lom Lobon
 61984 | Pan      | Got a magical rune of Zot
 62390 | Pan      | Received a gift from Trog
 62563 | Pan      | Entered the realm of Cerebov.
 62573 | Pan      | Got the Precepts of Circular Logic
 62586 | Pan      | Upgraded the game from 0.31-a0-765-g67fe2935dc to
                  | 0.31-a0-774-g0d66cbabe8
 62672 | Pan      | Got a well-preserved book
 62727 | Pan      | Got a dog-eared book
 62770 | Pan      | Identified the +1 lajatang "Keifoergh" {heavy, *Noise Will+
                  | Dex+3 SInv}
 62774 | Pan      | Identified the amulet of Patience {RegenMP Rampage *Slow
                  | rC+ Str+2}
 62795 | Pan      | Reached skill level 27 in Unarmed Combat
 62819 | Pan      | Found the +6 sword of Cerebov {flame}
 62819 | Pan      | Noticed Cerebov
 62837 | Pan      | Killed Cerebov
 62915 | Pan      | Identified the ring "Ulerubbu" {MP+9 Dex+3 Slay+2 Stlth-}
 62919 | Pan      | Got a fiery rune of Zot
 63153 | Pan      | Noticed Mennas
 63167 | Pan      | Killed Mennas
 63253 | Pan      | Found an exit through the horrors of the Abyss.
 63378 | Pan      | Received a gift from Trog
 63574 | Pan      | Lost mutation: You occasionally lose the ability to drink
                  | potions when taking damage. [potion of mutation]
 63574 | Pan      | Lost mutation: You have an increased reservoir of magic.
                  | (+10% MP) [potion of mutation]
 63574 | Pan      | Lost mutation: You have a pair of small antennae on your
                  | head. [potion of mutation]
 63574 | Pan      | Gained mutation: Your spells are a little easier to cast,
                  | but a little less powerful. [potion of mutation]
 63655 | Pan      | Entered the realm of Gloorx Vloq.
 63843 | Pan      | Noticed Gloorx Vloq
 63851 | Pan      | Killed Gloorx Vloq
 63892 | Pan      | Got a dark rune of Zot
 64266 | Pan      | Entered the realm of Mnoleg.
 64266 | Pan      | Noticed Mnoleg
 64273 | Pan      | Gained mutation: You occasionally shout uncontrollably at
                  | your foes. [a neqoxec]
 64277 | Pan      | Received a gift from Trog
 64279 | Pan      | Killed Mnoleg
 64281 | Pan      | Gained mutation: You have hidden genetic defects. [a
                  | cacodemon]
 64281 | Pan      | Paralysed by a great orb of eyes for 5 turns
 64292 | Pan      | Paralysed by a great orb of eyes for 4 turns
 64295 | Pan      | HP: 14/282 [acid (3)]
 64296 | Pan      | Slain by a great orb of eyes

Illustrated notes

Levels and vault maps discovered:
D:1:      dpeg_arrival_simpleton_b, layout_basic
D:2:      minmay_razor_zed, layout_loops_ring, shapermc_ecumenical_altar_petra
D:3:      layout_loops_ring, gammafunk_temple_overflow_elements
D:4:      gammafunk_steamed_eel, layout_rooms, gup_sewer_entry_bubbles
D:5:      layout_loops_ring, grunt_temple_overflow_opulence, grunt_ministairs_11
D:6:      layout_cave_pools, temple_green
D:7:      wander_river, layout_basic, kennysheep_mini,
          mainiacjoe_overflow_swirl, serial_rivers,
          chequers_serial_rivers_micro_c, chequers_serial_rivers_room_b,
          chequers_serial_rivers_large_a, chequers_serial_rivers_room_b,
          chequers_serial_rivers_small_b, chequers_serial_rivers_micro_b,
          serial_shops, nicolae_shop_real_fake_doors, grunt_ogre_cave,
          nrook_uturn
D:8:      layout_basic, grunt_temple_overflow_order_and_chaos_1,
          mainiacjoe_overflow_paths, uniq_joseph
D:9:      layout_rooms
D:10:     layout_stronghold, minmay_lair_entry_lava,
          minmay_fractal_squares_gapless_7, uniq_maurice, uniq_erica, uniq_grum
D:11:     layout_gridville, david_orc_2, serial_shops,
          nicolae_shop_hallway_stairs, bh_circular_ruins
D:12:     layout_gridville
D:13:     layout_rooms, lightli_vaults_fourway_checkpoint,
          nicolae_trove_entry_diagonal, serial_bayou_pond_b, disabler_island,
          uniq_snorg
D:14:     layout_rooms, nicolae_shop_firing_range, uniq_lodul
D:15:     grunt_enter_depths_snipers, layout_rooms, good_gods_temple_1
Temple:   hellmonk_temple_flake
Lair:1:   layout_long_grid, infiniplex_staircase_pool_2, grunt_megastairs_4
Lair:2:   layout_hall_layers, palyth_hydra_swamp_entry,
          nicolae_snake_entry_warm_welcome, serial_bayou_shore_a,
          grunt_megastairs_2, serial_bayou_shore_b, uniq_amaemon, uniq_nergalle
Lair:3:   layout_loops_ring, st_stairs_7, chequers_serial_rivers_room_b
Lair:4:   layout_cave_pods, dpeg_slime_entry_enclosed, cheibrodos_lair_lostbears
Lair:5:   minmay_lair_end_enchanted_forest, layout_cellular_growth,
          gauntlet_entry_generic, minivault_25, lemuel_fruit_fields
Swamp:1:  gammafunk_worm_tunnel, layout_basic_swamp, evilmike_swamp_ruin_house_5
Swamp:2:  layout_basic_swamp, evilmike_swamp_ruin_house_4, swamp_pool1,
          nicolae_swamp_spriggan_camp, uniq_donald
Swamp:3:  layout_basic_swamp, evilmike_swamp_ruin_rubble_2
Swamp:4:  swamp_fiery, layout_basic_swamp
Snake:1:  layout_onion_interference, st_stairs_4, serial_bayou_crossing,
          uniq_aizul, uniq_nikola
Snake:2:  nicolae_snake_nest, layout_grid_shapes,
          gammafunk_ghost_wrathful_warriors
Snake:3:  layout_cave_town, minmay_shop_star
Snake:4:  snake_hunt, layout_layer_cave, serial_shops, shop, grunt_megastairs_3
Slime:1:  layout_caves
Slime:2:  layout_caves
Slime:3:  layout_caves
Slime:4:  layout_caves
Slime:5:  slime_pit_nicolae_inversion
Orc:1:    layout_caves, serial_shops, shop, nicolae_orc_crystal_geode
Orc:2:    st_orc_elflike, layout_diamond_mine, basic_altar, uniq_rupert
Elf:1:    minmay_elf_arrival_circle, layout_loops_corners, ebering_ghost_xom,
          orc_legates
Elf:2:    elven_hall_of_blades_hangedman_original
          [nicolae_blade_entry_crossed_weapons], layout_loops_cross,
          serial_shops, shop, portal_ice_cave_entry_ice_statue_one,
          lemuel_flamethrower_3, uniq_louise
Elf:3:    minmay_elf_hall_not_hex, layout_geoelf_castle, basic_altar,
          grunt_megastairs_5
Vaults:1: gammafunk_ghost_cemetery, nicolae_vaults_house_1,
          nicolae_vaults_variable_pillar_hall, vaults_room_door_hall,
          vaults_room_glass_cross, nicolae_vaults_alarming, v_misc_1,
          layout_vaults_omnigrid
Vaults:2: st_greater_box_1, nicolae_vaults_theta,
          nicolae_vaults_more_shelving_1, nicolae_vaults_little_squares_4,
          v_alt_pattern_6, nicolae_vaults_oval_intersection,
          layout_vaults_omnicross, uniq_boris, uniq_asterion, uniq_margery
Vaults:3: nicolae_vaults_asterisk, nicolae_vaults_trapezoid_lopsided_3,
          nicolae_vaults_little_squares_4, nicolae_vaults_little_squares_4,
          v_misc_2, nicolae_vaults_doubleplus_tesselated,
          nicolae_vaults_murder_corner, nicolae_vaults_closet_pinwheel_3,
          v_pattern_4, vaults_mumra_minichess, layout_vaults_big_room,
          uniq_sojobo
Vaults:4: nicolae_vaults_little_squares_4, hangedman_vaults_restitches,
          nicolae_vaults_disjoint_gnomons, v_rooms_6, vaults_mumra_chevron,
          v_pattern_1, hangedman_vaults_slice, v_rooms_5, vaults_room_door_ring,
          nicolae_vaults_tangram_2, grunt_vaults_bifocal,
          nicolae_vaults_double_plus_1, layout_vaults_omnibox, serial_shops,
          shop, nicolae_shop_trees, nicolae_diamond_shop, uniq_jory,
          uniq_saint_roka
Vaults:5: serial_shops
Crypt:1:  layout_gridlike, nicolae_crypt_ancient_font, uniq_zenata
Crypt:2:  layout_regular_city, weyrava_vampire_temple, uniq_khufu
Crypt:3:  lightli_unholy_cathedral, layout_chaotic_city
Depths:1: layout_honeycomb, hellmouth_2, serial_shops,
          nicolae_shop_advertising_works [nicolae_subvault_shop_adworks], shop,
          nicolae_shop_tiny_glass, nemelex_xobeh_ov_fountains_minmay,
          lightli_corner_chamber, minmay_shop_grove,
          infiniplex_staircase_pool_lava, uniq_enchantress
Depths:2: nzn_winding_woodlands_small [nzn_winding_woodlands_5x15_zeroes,
          nzn_winding_woodlands_center_pierced_h,
          nzn_winding_woodlands_5x15_pool], layout_gridlike,
          hangedman_ru_absence, hell_entry, abyss_entry_flame_altar,
          rand_demon_pan_entry_3, infiniplex_staircase_door_maze, uniq_grunn
Depths:3: grunt_profane_halls [grunt_profane_temple_dis,
          grunt_profane_temple_tar, grunt_profane_temple_coc,
          grunt_profane_temple_geh, grunt_profane_loot], hell_entry,
          abyss_entry, uniq_josephina
Depths:4: grunt_zot_entry_hairpin, layout_gridlike, ziggurat_fallback,
          rand_demon_pan_entry_4, pf_hell_entry_tar_river, uniq_xtahua
Hell
Zot:1:    layout_twisted_circle, st_stairs_7
Zot:2:    grunt_deathspiral_small, layout_onion_interference
Zot:3:    hangedman_orp_of_zott, layout_twisted_circle
Zot:4:    dreamdust_black_sun_cult, layout_cellular_growth, skrybe_zot_glass_3
Zot:5:    layout_concentric_octagons
Pan:      gammafunk_dig_for_victory, layout_irregular_city,
          pan_blood_fountain_small, pan_blood_fountain, gammafunk_its_a_trap,
          layout_irregular_city, evilmike_mini_pan_corridor, layout_rooms,
          nicolae_pan_lom_lobonic_4, rand_demon_6, layout_pan_divisions_b
          [pan_division_quadrant_b1, pan_division_quadrant_b1,
          pan_division_quadrant_b1, pan_division_quadrant_b3],
          evilmike_mini_pan_pillars, layout_gridlike, rand_demon_2,
          layout_chambers, nicolae_pan_strange_glyphs
          [nicolae_pan_strange_glyph_envy,
          nicolae_pan_strange_glyph_humiliation,
          nicolae_pan_strange_glyph_regret, nicolae_pan_strange_glyph_contempt],
          evilmike_mini_pan_doors, layout_stronghold,
          nicolae_pan_gloorx_vloqian_3, lom_lobon, layout_chambers, cerebov,
          layout_rooms, uniq_mennas_pan, nicolae_pan_mnolegish_3,
          gloorx_vloq_grunt, layout_pan_divisions_b [pan_division_quadrant_b6,
          pan_division_quadrant_b4, pan_division_quadrant_b1,
          pan_division_quadrant_b1], nicolae_pan_cerebovesque_3,
          mnoleg_grunt_wretched_star, layout_gridlike

Skill      XL: |  1  2  3  4  5  6  7  8  9 10 11 12 13 14 15 16 17 18 19 20 21 22 23 24 25 26 27 |
---------------+----------------------------------------------------------------------------------+-----
Stealth        | 1 2 4 5 |  5.0
Dodging        | 4 5 7 8 13 17 19 20 21 | 21.3
Unarmed Combat | 4 5 7 8 10 11 13 15 17 18 19 20 21 27 | 27.0
Throwing       | 1 4 5 6 8 10 | 10.0
Evocations     | 2 4 6 8 10 | 10.5
Shields        | 5 7 9 10 13 15 16 17 19 20 22 27 | 27.0
Fighting       | 6 7 11 12 13 15 25 | 25.0
Shapeshifting  | 8 10 13 16 17 19 20 21 22 23 25 | 25.3

Action                     |  1- 3 |  4- 6 |  7- 9 | 10-12 | 13-15 | 16-18 | 19-21 | 22-24 | 25-27 || total
---------------------------+-------+-------+-------+-------+-------+-------+-------+-------+-------++-------
  Melee: Unarmed           |    91 |   122 |   137 |   284 |   684 |   778 |   685 |   903 |  2437 ||  6121
         Constrict         |    23 |    23 |    36 |    57 |   116 |    94 |   116 |   158 |   307 ||   930
         Tentacles         |    18 |    19 |    21 |    90 |   202 |   174 |   183 |   288 |   617 ||  1612
         Punch             |     2 |     7 |     4 |    26 |    60 |    86 |   117 |   147 |   475 ||   924
         Maw               |       |       |       |       |   200 |       |       |       |       ||   200
         Kick              |       |       |       |       |       |       |       |       |   122 ||   122
         Tailslap          |       |       |       |       |       |       |       |       |    11 ||    11
         Bite              |       |       |       |       |       |       |       |       |     6 ||     6
  Throw: Dart              |       |     1 |    52 |    53 |   108 |     2 |       |       |       ||   216
         Boomerang         |       |       |    20 |    63 |   151 |   110 |    19 |    12 |    96 ||   471
         Javelin           |       |       |       |     2 |    46 |       |     5 |       |    20 ||    73
         Throwing net      |       |       |       |       |     1 |     1 |       |       |     5 ||     7
 Invoke: Berserk           |     1 |     4 |     5 |    12 |    10 |     4 |       |     2 |     5 ||    43
         Trog's Hand       |     1 |       |       |     2 |     6 |     3 |    14 |    10 |    11 ||    47
         Brothers in Arms  |       |       |     1 |       |     4 |     3 |     5 |     2 |     2 ||    17
Ability: Evoke Blink       |       |       |       |       |     1 |       |       |       |       ||     1
         Blinkbolt         |       |       |       |       |       |       |       |       |     1 ||     1
  Evoke: Wand              |       |     3 |    27 |    51 |    38 |    52 |    26 |    12 |    10 ||   219
         Lightning rod     |       |       |       |       |     4 |     1 |     3 |     7 |       ||    15
         Condenser vane    |       |       |       |       |     1 |       |       |       |     1 ||     2
         Phial of floods   |       |       |       |       |       |     1 |       |     1 |     2 ||     4
    Use: Scroll            |       |       |       |    14 |     9 |    13 |     7 |     6 |    19 ||    68
         Potion            |       |       |       |       |     6 |     6 |     1 |       |    30 ||    43
   Stab: Sleeping          |    13 |    24 |    11 |     3 |    10 |    15 |     9 |    11 |    18 ||   114
         Distracted        |       |     2 |       |     1 |     4 |     2 |     4 |     2 |    23 ||    38
         Invisible         |       |       |       |     2 |     1 |     2 |     1 |       |       ||     6
         Paralysed         |       |       |       |    21 |       |     3 |       |       |       ||    24
         Confused          |       |       |       |       |       |     2 |       |       |       ||     2
         Held in net/web   |       |       |       |       |       |       |       |       |     2 ||     2
 Armour: Skin              |    33 |    32 |    61 |   121 |   267 |   578 |   435 |   467 |  1096 ||  3090
  Dodge: Dodged            |    50 |    58 |    71 |    97 |   292 |   623 |   431 |   912 |  1781 ||  4315
  Block: Kite shield       |       |       |    15 |   133 |   266 |       |       |       |       ||   414
         Tower shield      |       |       |       |       |   132 |  1129 |   816 |  1279 |  3002 ||  6358
         Reflection        |       |       |       |       |     2 |   142 |   100 |    34 |    74 ||   352
   Form: Maw               |       |       |       |       |     3 |       |       |       |       ||     3
         Blade             |       |       |       |       |     2 |       |       |       |       ||     2
         Statue            |       |       |       |       |     1 |       |       |       |     5 ||     6
         Storm             |       |       |       |       |       |       |       |       |     4 ||     4
         Dragon            |       |       |       |       |       |       |       |       |     1 ||     1

Table legend: (Time is in decaauts)
 A = Elapsed time spent in this place.
 B = Non-inter-level travel time spent in this place.
 C = Inter-level travel time spent in this place.
 D = Time resting spent in this place.
 E = Time spent auto-exploring this place.
 F = Levels seen in this place.
 G = Mean time per level.
                   A        B        C        D        E       F      G
               +--------+--------+--------+--------+--------+-----+--------+
         Total |  82702 |  75532 |   7170 |   5523 |  40127 |  83 |  996.4 |
       Dungeon |  15533 |  13530 |   2003 |   2003 |   7804 |  15 | 1035.5 |
        Temple |      1 |      1 |      0 |      0 |      0 |   1 |    1.0 |
          Lair |   8016 |   6881 |   1135 |    882 |   3308 |   5 | 1603.2 |
         Swamp |   4675 |   4403 |    272 |    311 |   2383 |   4 | 1168.8 |
     Snake Pit |   4764 |   4404 |    360 |    256 |   2526 |   4 | 1191.0 |
    Slime Pits |   2129 |   2057 |     72 |    164 |    873 |   5 |  425.8 |
  Orcish Mines |   2719 |   2243 |    476 |     10 |   1483 |   2 | 1359.5 |
   Elven Halls |   4846 |   4393 |    453 |    163 |   2706 |   3 | 1615.3 |
        Vaults |   9375 |   8814 |    561 |    246 |   5442 |   5 | 1875.0 |
         Crypt |   3782 |   3554 |    228 |    156 |   2313 |   3 | 1260.7 |
        Depths |   7471 |   6390 |   1081 |    427 |   3793 |   4 | 1867.8 |
          Hell |     18 |     18 |      0 |      0 |      0 |   1 |   18.0 |
           Zot |   7189 |   6664 |    525 |    139 |   3844 |   5 | 1437.8 |
         Abyss |   1477 |   1477 |      0 |      0 |    466 |   3 |  492.3 |
   Pandemonium |   7604 |   7604 |      0 |    330 |   2641 |  11 |  691.3 |
      Ziggurat |    433 |    433 |      0 |     48 |      0 |   8 |   54.1 |
         Trove |    140 |    140 |      0 |      0 |      0 |   1 |  140.0 |
         Sewer |    942 |    942 |      0 |    236 |      0 |   1 |  942.0 |
      Ice Cave |    982 |    982 |      0 |     24 |    445 |   1 |  982.0 |
      Gauntlet |    598 |    598 |      0 |    122 |     95 |   1 |  598.0 |
               +--------+--------+--------+--------+--------+-----+--------+

Top non-repeatable levels by time:
    D:10: 2112 daAuts
Vaults:2: 2061 daAuts
Vaults:5: 2051 daAuts
   Elf:1: 2048 daAuts
Depths:1: 2018 daAuts
Vaults:1: 1978 daAuts
  Lair:5: 1957 daAuts
Depths:3: 1950 daAuts
   Zot:5: 1935 daAuts
   Elf:3: 1878 daAuts
  Lair:2: 1826 daAuts
Depths:2: 1768 daAuts
Depths:4: 1734 daAuts
Vaults:4: 1723 daAuts
  Lair:1: 1695 daAuts
